 Dungeon Crawl Stone Soup version 0.22-a0-392-g5dc3fd9 (webtiles) character file.

15 Falco the Sneak (level 2, -2/22 HPs)
             Began as a Vine Stalker Assassin on May 1, 2018.
             Slain by a gnoll
             ... wielding a +0 spear
              (3 damage)
             ... on level 1 of the Dungeon.
             The game lasted 00:05:32 (635 turns).

Falco the Sneak (Vine Stalker Assassin)              Turns: 635, Time: 00:05:33

Health: -2/22      AC: 21    Str: 13    XL:     2   Next: 50%
Magic:  0/3        EV:  2    Int: 11    God:
Gold:   49         SH:  0    Dex: 15    Spells: 1/1 levels left

rFire    . . .     SeeInvis .   a - +2 dagger
rCold    . . .     Gourm    .   (no shield)
rNeg     + + +     Faith    .   (armour currently unavailable)
rPois    +         Spirit   +   (helmet currently unavailable)
rElec    .         Reflect  .   (cloak currently unavailable)
rCorr    .         Harm     .   (gloves currently unavailable)
MR       .....     NoTele   +   (boots currently unavailable)
Stlth    +++.......             (no amulet)
HPRegen  0.07/turn              (no ring)
MPRegen  0.08/turn              (no ring)

@: tree-form
A: magic shield, no potion heal 3, rot immunity
a: no special abilities


You were on level 1 of the Dungeon.
You were not hungry.
You were a tree.
You visited 1 branch of the dungeon, and saw 1 of its levels.

You collected 49 gold pieces.

Inventory:

Hand Weapons
 a - a +2 dagger (weapon)
 b - a +0 blowgun
 l - a +2 whip of freezing
Missiles
 e - 8 poisoned needles
 f - 2 curare-tipped needles
Armour
 c - a +0 robe (melded)
 d - a +0 cloak (melded)
Jewellery
 p - a +4 ring of intelligence {unknown}
Scrolls
 h - a scroll of identify {unknown}
 m - a scroll of enchant weapon {unknown}
 n - a scroll of enchant armour {unknown}
 o - a scroll of teleportation {unknown}
Potions
 k - a potion of cancellation {unknown}
Comestibles
 g - 2 rations


   Skills:
 + Level 1.7 Fighting
 + Level 2.0 Short Blades
 + Level 1.7 Throwing
 + Level 1.0 Dodging
 + Level 5.4 Stealth


You had one spell level left.
You didn't know any spells.

Dungeon Overview and Level Annotations

Branches:
Dungeon (1/15)

Altars:


Innate Abilities, Weirdness & Mutations

((You have extremely sharp teeth.))
When hurt, damage is shared between your health and your magic reserves.
((Your bite disrupts and absorbs the magic of your enemies.))
Potions cannot restore your health.
You are immune to rotting.


Message History

The frilled lizard hisses.
Things that are here:
a club; a hobgoblin corpse You see here 24 stones.
You see here a ball python corpse.
The gnoll hits you from afar with a spear.
It was a potion of heal wounds.
That seemed strangely inert.
The gnoll hits you with a spear!
* * * LOW HITPOINT WARNING * * *
You closely miss the gnoll.
The gnoll is severely wounded.
The gnoll completely misses you.
You hit the gnoll but do no damage.
The gnoll is severely wounded.
The gnoll hits you with a spear.
* * * LOW HITPOINT WARNING * * *
It was a potion of lignification.
You turn into a tree.
Your +0 cloak melds into your body.
Your +0 robe melds into your body.
Your roots penetrate the ground.
The gnoll hits you with a spear.
You die...

#.# #.#.....#.....#..##
#.##.................#
#.#....#.....#...##.#
##.............####.#
#.....#...#....####.#
#.#......#........##.#
...
#.##.##..l....####.##.#
...##.# #.####g##.##
#.##.# #.>### #.# #♣##÷##
#.##.# #..# #.# #.#.†.##
#.##.# #..# #.#
#......###.##.#
##..######.#
##...)...#...#.#
#..........#
#..............#
##...######.#
##.......#...###
.......>....#
#.......##.##
###.#######.#
#.[........#
#.........####.##.##.####


You could see a gnoll and a frilled lizard.

Vanquished Creatures
  3 bats (D:1)
  A giant cockroach (D:1)
  2 goblins (D:1)
  3 hobgoblins (D:1)
  A ball python (D:1)
  A frilled lizard (D:1)
  2 kobolds (D:1)
  2 rats (D:1)
15 creatures vanquished.

Notes
Turn   | Place    | Note
-------+----------+-------------------------------------------
     0 | D:1      | Falco the Vine Stalker Assassin began the quest for the Orb.
     0 | D:1      | Reached XP level 1. HP: 11/11 MP: 2/2
   175 | D:1      | Reached skill level 5 in Stealth
   196 | D:1      | Reached skill level 1 in Dodging
   198 | D:1      | Reached XP level 2. HP: 9/15 MP: 3/3
   635 | D:1      | Slain by a gnoll

Vault maps used:
D:1:      mrwooster_arrival_statue, kennysheep_doodads

Skill      XL: |  1  2 |
---------------+-------+-----
Stealth        | 5 |  5.4
Dodging        | 1 |  1.0
Short Blades   | 2 |  2.0
Fighting       | |  1.7
Throwing       | |  1.7

Action                   || total
-------------------------++-------
Melee: Dagger            ||    37
       Bite              ||     7
 Fire: Blowgun           ||     4
  Use: Potion            ||     2
 Stab: Sleeping          ||     2
Armor: Robe              ||    12
Dodge: Dodged            ||    21

Table legend:
 A = Spawn XP
 B = Non-spawn XP
 C = Spawn XP percentage of total XP
 D = Spawn monster count
 E = Non-spawn monster count
 F = Spawn count percentage of total count
 G = Total turns spent on level
                    A         B        C        D         E        F      G
               +---------+---------+-------+---------+---------+-------+---------
         Total |       0 |      22 |   0.0 |       0 |      15 |   0.0 |   635
               +---------+---------+-------+---------+---------+-------+---------
           D:1 |       0 |      22 |   0.0 |       0 |      15 |   0.0 |   635
               +---------+---------+-------+---------+---------+-------+---------
